 Dungeon Crawl Stone Soup version 0.20.1-1-g8b1a95d (webtiles) character file.

925 Irenicus the Martial Artist (level 8, -7/53 HPs)
             Began as an Octopode Chaos Knight on Oct 16, 2017.
             Mangled by an ogre
             ... wielding a +0 giant spiked club
              (15 damage)
             ... on level 5 of the Dungeon.
             The game lasted 00:11:26 (4647 turns).

Irenicus the Martial Artist (Octopode Chaos Knight) Turns: 4647, Time: 00:11:27

Health: -7/53      AC:  4    Str: 14      XL:     8   Next: 10%
Magic:  8/8        EV: 13    Int: 14 (15) God:    Xom [......]
Gold:   322        SH:  0    Dex: 13      Spells: 7/7 levels left

rFire    . . .     SeeInvis .     - Unarmed
rCold    . . .     Gourm    .   (no shield)
rNeg     + . .     Faith    .   (helmet restricted)
rPois    +         Spirit   .   (no amulet)
rElec    .         Reflect  .   o - +3 ring of strength
rCorr    .         Harm     .   l - ring of positive energy
MR       .....                  (no ring)
Stlth    ++........             (no ring)
Regen    0.2/turn               (no ring)
MPRegen  0.2/turn               (no ring)
                                (no ring)
                                (no ring)

@: no status effects
A: almost no armour, stealthy swim, amphibious, 8 rings, constrict 8, iridescent
scales 1, rugged brown scales 1, camouflage 1, blurry vision 1, poison
resistance, wild magic 1, gelatinous body 1
a: Renounce Religion


You were on level 5 of the Dungeon.
You worshipped Xom.
You were a very special plaything of Xom.
You were very hungry.

You visited 1 branch of the dungeon, and saw 6 of its levels.

You collected 322 gold pieces.

Inventory:

Missiles
 p - a throwing net (quivered)
Jewellery
 b - an uncursed ring of teleportation
 l - a ring of positive energy (right tentacle)
 o - a +3 ring of strength (left tentacle)
Scrolls
 d - 4 scrolls of identify
 e - a scroll of immolation {unknown}
 f - a scroll of random uselessness {unknown}
 g - 2 scrolls of amnesia {unknown}
 h - 2 scrolls of recharging {unknown}
 i - 7 scrolls of remove curse
 j - 2 scrolls of teleportation {unknown}
 m - a scroll of noise {unknown}
 n - a scroll of fog {unknown}
Potions
 c - 3 potions of flight
 k - a potion of heal wounds
Comestibles
 a - 2 bread rations


   Skills:
 - Level 3.0 Fighting
 - Level 2.3 Dodging
 + Level 9.5 Unarmed Combat


You had 7 spell levels left.
You didn't know any spells.

Dungeon Overview and Level Annotations

Branches:
Dungeon (6/15)
 Temple: D:4-7

Altars:
Makhleb
Sif Muna
Xom

Annotations:
D:4 tarantulino's ghost, amateur DrTm
D:6 Grinder; Sigmund


Innate Abilities, Weirdness & Mutations

You cannot wear most types of armour.
You are very stealthy in the water. (Stealth+)
You are amphibious.
You can wear up to eight rings at the same time.
You can use your tentacles to constrict eight enemies at once.
Your skin changes colour to match your surroundings (Stealth+).
Your rubbery body absorbs attacks. (AC +1, EV +1)
You are partially covered in iridescent scales. (AC +2)
You are partially covered in rugged brown scales. (AC +1, +3% HP)
Scrolls take you a little longer to read.
Your system is resistant to poisons. (rPois)
Your spells are a little harder to cast, but a little more powerful.


Message History

The jackal closely misses you.
Grinder says, "DUCK!"
The jackal bites you.
* * * LOW HITPOINT WARNING * * *
There is a stone staircase leading up here.
Okay, then.
Something hits you.
* * * LOW HITPOINT WARNING * * *
The black bear bites you.
* * * LOW HITPOINT WARNING * * *
The black bear claws you but does no damage.
The black bear claws you.
* * * LOW HITPOINT WARNING * * *
The jackal bites you but does no damage.
You climb upwards.
There is a stone staircase leading down here.
You bludgeon something! Your squeeze misses something. The jackal misses you.
Something hits you!
You die...
Xom chortles!

#.#..####.# #.....#
#.#..# #.# #.....#
.....####.# ###.###
#.##..[...# #.#
#.######..#########.#
#.####..............#
#..........#####h####
######.#..## #h#
#.#..######@#
#.#......##.#
#.#####..##)# #.#
#..##.# #.# #..##.#
#.#####..##.#
#...........#
#######..####
############..##


You could see a black bear and a jackal.

Vanquished Creatures
  The ghost of arttle the Stinger, an amateur OpVM (D:3)
  An ice beast (D:5)
  A centaur (D:5)
  A scorpion (D:5)
  A water moccasin skeleton (D:4)
  A jelly (D:4)
  2 crimson imps (D:5)
  3 orc priests
  A hound (D:4)
  2 orc wizards
  3 gnolls
  8 adders
  2 oozes
  A worm (D:3)
  2 dart slugs
  5 leopard geckos
  8 orcs
  2 ball pythons
  5 bats
  4 giant cockroaches
  7 goblins
  6 hobgoblins
  8 jackals
  6 kobolds
  3 quokkas
  4 frilled lizards
  A quokka zombie (D:5)
  6 rats
95 creatures vanquished.

Vanquished Creatures (collateral kills)
  A scorpion (D:4)
  2 worker ants (D:4)
  2 gnolls (D:4)
  An adder (D:4)
  4 jackals (D:4)
10 creatures vanquished.

Grand Total: 105 creatures vanquished

Notes
Turn   | Place    | Note
-------+----------+-------------------------------------------
     0 | D:1      | Irenicus the Octopode Chaos Knight began the quest for the Orb.
     0 | D:1      | Reached XP level 1. HP: 16/16 MP: 1/1
    38 | D:1      | XOM: harmless Tloc miscast
   115 | D:1      | Reached XP level 2. HP: 12/21 MP: 2/2
   398 | D:1      | Reached skill level 4 in Unarmed Combat
   414 | D:1      | Reached XP level 3. HP: 25/26 MP: 3/3
   701 | D:2      | XOM: mild Air miscast
   771 | D:2      | XOM: divination: detect creatures
  1163 | D:2      | Reached XP level 4. HP: 4/31 MP: 4/4
  1174 | D:2      | HP: 1/31 [poisoned by an adder]
  1225 | D:2      | XOM: divination: detect creatures
  1478 | D:2      | Reached skill level 5 in Unarmed Combat
  2034 | D:3      | Noticed arttle's ghost (amateur OpVM)
  2191 | D:3      | XOM: mild Ice miscast
  2217 | D:3      | Killed arttle's ghost
  2217 | D:3      | Reached skill level 6 in Unarmed Combat
  2217 | D:3      | Reached XP level 5. HP: 14/36 MP: 5/5
  2623 | D:3      | Reached XP level 6. HP: 35/42 MP: 6/6
  3006 | D:3      | Found a deep blue altar of Sif Muna.
  3049 | D:3      | XOM: harmless Pois miscast
  3076 | D:3      | XOM: mild Summ miscast
  3077 | D:3      | Noticed a spatial vortex
  3113 | D:4      | Noticed tarantulino's ghost (amateur DrTm)
  3119 | D:4      | XOM: confusion
  3121 | D:4      | XOM: 1-stop teleportation journey
  3228 | D:4      | XOM: 3-stop teleportation journey
  3256 | D:4      | Reached skill level 7 in Unarmed Combat
  3437 | D:4      | Reached XP level 7. HP: 36/46 MP: 7/7
  3475 | D:4      | HP: 2/46 [acid (11)]
  3566 | D:4      | Reached skill level 8 in Unarmed Combat
  3714 | D:4      | XOM: give mutations
  3714 | D:4      | Gained mutation: You are partially covered in iridescent scales. (AC +2) [Xom's grace]
  3714 | D:4      | Gained mutation: You are partially covered in rugged brown scales. (AC +1, +3% HP) [Xom's grace]
  3714 | D:4      | Gained mutation: Your spells are a little harder to cast, but a little more powerful. [Xom's grace]
  3804 | D:5      | Entered Level 5 of the Dungeon
  3872 | D:5      | Found a burning altar of Makhleb.
  4008 | D:5      | XOM: 5-stop teleportation journey
  4046 | D:5      | XOM: god gift: 2 potions of flight
  4050 | D:5      | Reached skill level 9 in Unarmed Combat
  4199 | D:5      | Reached XP level 8. HP: 53/53 MP: 8/8
  4202 | D:5      | XOM: polymorph gnoll -> kobold
  4385 | D:5      | XOM: give mutations
  4385 | D:5      | Gained mutation: Your system is resistant to poisons. (rPois) [Xom's mischief]
  4385 | D:5      | Gained mutation: You are frail. (-10% HP) [Xom's mischief]
  4385 | D:5      | Lost mutation: You are frail. (-10% HP) [Xom's mischief]
  4385 | D:5      | Gained mutation: Scrolls take you a little longer to read. [Xom's mischief]
  4484 | D:5      | Found a shimmering altar of Xom.
  4604 | D:6      | XOM: noise
  4615 | D:6      | XOM: confusion
  4616 | D:6      | XOM: stat loss: -1 Int (14/15)
  4621 | D:6      | XOM: mild Ice miscast
  4626 | D:6      | XOM: enchant monster (bad)
  4630 | D:6      | Noticed Sigmund
  4641 | D:6      | Noticed Grinder
  4647 | D:5      | Mangled by an ogre

Skill      XL: |  1  2  3  4  5  6  7 |
---------------+----------------------+-----
Unarmed Combat | 4 6 7 9 |  9.5
Fighting       | |  3.0
Dodging        | |  2.3

Action                   |  1- 3 |  4- 6 |  7- 9 || total
-------------------------+-------+-------+-------++-------
Melee: Unarmed           |    72 |   117 |    81 ||   270
       Constrict         |    20 |    29 |    13 ||    62
       Tentacles         |     9 |    17 |    16 ||    42
       Punch             |     2 |     6 |     4 ||    12
  Use: Potion            |     1 |     2 |     1 ||     4
       Scroll            |       |       |     2 ||     2
 Stab: Sleeping          |     6 |     7 |     1 ||    14
  Eat: Bread ration      |       |     1 |       ||     1
       Chunk             |       |     3 |     3 ||     6
Armor: Skin              |     9 |     8 |    16 ||    33
Dodge: Dodged            |    37 |    64 |    42 ||   143
